 Dungeon Crawl Stone Soup version 0.30-a0-1016-gfb0d676c02 (webtiles) character file.

Game seed: 7073407467807718391

167 GigaChad the Shield-Bearer (level 5, 0/42 HPs)
             Began as a Formicid Fighter on Apr 6, 2023.
             Slain by a gnoll
             ... wielding a +0 spear
             ... led by a gnoll bouda
              (4 damage)
             ... on level 4 of the Dungeon.
             The game lasted 00:04:10 (1977 turns).

GigaChad the Shield-Bearer (Formicid Fighter)       Turns: 1977, Time: 00:04:11

Health: 0/42       AC:  7    Str: 28    XL:     5   Next: 76%
Magic:  5/5        EV: 10    Int:  8    God:
Gold:   167        SH:  6    Dex: 13    Spells: 4/4 levels left

rFire   . . .      SeeInvis +    a - +0 war axe
rCold   . . .      Faith    .    c - +1 buckler
rNeg    . . .      Spirit   .    b - +0 scale mail
rPois   .          Reflect  .    (helmet unavailable)
rElec   .          Rampage  .    (no cloak)
rCorr   .                        (no gloves)
Will    .....                    (no boots) Stlth
                                 (no amulet)
HPRegen 0.27/turn                q - +6 ring of strength
MPRegen 0.09/turn                (no ring)

@: no status effects
A: permanent stasis, dig shafts and tunnels, antennae 3, four strong arms
a: Dig, Shaft Self


You were on level 4 of the Dungeon.
You visited 1 branch of the dungeon, and saw 4 of its levels.

You collected 167 gold pieces.

Inventory:

Hand Weapons
 a - a +0 war axe (weapon)
 g - a +2 spear of venom
Missiles
 r - a throwing net
Armour
 b - a +0 scale mail (worn)
 c - a +1 buckler (worn)
Jewellery
 q - a +6 ring of strength (left hand)
Wands
 t - a wand of paralysis (3)
Scrolls
 e - a scroll of magic mapping
 j - a scroll of fear
 l - a scroll of identify
 o - a scroll of immolation {unknown}
 p - a scroll of blinking {unknown}
Potions
 d - 3 potions of might
 f - 2 potions of heal wounds {unknown}
 h - a potion of mutation {unknown}
 i - 2 potions of brilliance {unknown}
 k - a potion of curing {unknown}
 m - 2 potions of degeneration {unknown}
 n - a potion of magic {unknown}
 s - a potion of haste {unknown}


   Skills:
 * Level 4.1 Fighting
 + Level 3.6 Axes
 * Level 4.2 Armour
 - Level 0.3 Dodging
 * Level 4.9 Shields


You had 4 spell levels left.
You didn't know any spells.
Your spell library was empty.

Dungeon Overview and Level Annotations

Branches:
Dungeon (4/15)
 Temple: D:4-7

Altars:

Shops:
D:1 !   D:3 ((


Innate Abilities, Weirdness & Mutations

You cannot be hasted, slowed, berserked, paralysed or teleported.
You can dig through walls and to a lower floor.
You have a pair of large antennae on your head. (SInv)
Your four strong arms can wield two-handed weapons with a shield.


Message History

Unknown command.
You hit the endoplasm.
The endoplasm is lightly wounded.
The gnoll hits you from afar with a +0 spear.
The gnoll hits you but does no damage. The endoplasm freezes you.
You are frozen.
The gnoll hits you from afar with a +0 spear.
You are too injured to fight recklessly!
Unknown command.
You are too injured to fight recklessly!
Unknown command.
You are too injured to fight recklessly!
Unknown command.
You are too injured to fight recklessly!
The gnoll hits you with a +0 spear. The gnoll completely misses you.
The endoplasm hits you.
* * * LOW HITPOINT WARNING * * *
The gnoll hits you but does no damage.
You see here a +0 club.
You hit the gnoll but do no damage. You completely miss the gnoll.
You hit the endoplasm. The gnoll closely misses you.
You block the endoplasm's attack.
The gnoll hits you but does no damage. x2
The gnoll closely misses you.
Your attacks no longer feel as feeble.
The endoplasm closely misses you. The kobold barely misses you.
You block the gnoll's attack. The gnoll hits you with a +0 spear.
* * * LOW HITPOINT WARNING * * *
The gnoll hits you with a +0 spear.
* * * LOW HITPOINT WARNING * * *
You slash the gnoll!
The gnoll is almost dead.
You barely miss the kobold. You closely miss the gnoll bouda.
You slash the gnoll! You barely miss the gnoll.
You hit the endoplasm but do no damage.
The gnoll is no longer moving quickly.
The endoplasm closely misses you.
The gnoll bouda barks out a call to the hunt!
The gnoll picks up the pace!
The kobold hits you but does no damage. The gnoll hits you with a +0 spear.
You die...

#.##.## ### # ##.#...
..# ..##.....###### #<#
#....#........# #.#
#.##.....####.# #.#
#..........##.###.#####
#.###.#..#.##.........#
......Jgg...#####.###.#
..###.#@g...# #.# #.#
.....KKg....# #.# #.#
............#####.###.#
.#..###...............#
#.. ##.#.#########..##
#. .#.# #.... .#.#
##.## .# #.# #.#


You could see a gnoll bouda, 3 gnolls, an endoplasm and 2 kobolds.

Vanquished Creatures
  3 gnolls
  6 adders
  A worm (D:2)
  3 orcs
  8 ball pythons
  9 endoplasms
  2 giant cockroaches
  3 goblins
  8 hobgoblins
  6 jackals
  3 quokkas
  7 bats
  6 frilled lizards (D:3)
  6 kobolds
  6 rats
77 creatures vanquished.

Notes
Turn   | Place    | Note
-------+----------+-------------------------------------------
     0 | D:1      | GigaChad the Formicid Fighter began the quest for the Orb.
     0 | D:1      | Reached XP level 1. HP: 18/18 MP: 1/1
   203 | D:1      | Reached XP level 2. HP: 24/24 MP: 2/2
   239 | D:1      | Found Xodo's Distillery.
   412 | D:1      | Reached XP level 3. HP: 27/30 MP: 3/3
   846 | D:2      | Found a faded altar of an unknown god.
   893 | D:2      | Reached XP level 4. HP: 30/37 MP: 4/4
  1218 | D:3      | Found Gerucety's Weapon Shop.
  1356 | D:3      | Found Liajaid's Antique Weapon Emporium.
  1434 | D:3      | Reached XP level 5. HP: 42/42 MP: 5/5
  1977 | D:4      | Slain by a gnoll

Illustrated notes

Levels and vault maps discovered:
D:1:      mushboom_english_gardens, layout_basic, serial_shops,
          nicolae_shop_waterfront, grunt_decor_cap
D:2:      layout_loops_ring, hellmonk_ecumenical_altar_inner_sanctum,
          uniq_crazy_yiuf_cottage, uniq_jessica
D:3:      minmay_bubble_buster, layout_basic, serial_shops, nicolae_shop_stone,
          nicolae_shop_statue_plus, kennysheep_generic_room_7
D:4:      layout_loops_ring, mainiacjoe_overflow_brackets,
          mainiacjoe_overflow_alcove_4

Skill      XL: |  1  2  3  4 |
---------------+-------------+-----
Armour         | 4 |  4.2
Fighting       | 4 |  4.1
Axes           | 3 |  3.6
Dodging        | |  0.3
Shields        | |  4.9

Action                     |  1- 3 |  4- 6 || total
---------------------------+-------+-------++-------
  Melee: War axe           |    69 |   148 ||   217
    Use: Scroll            |       |     3 ||     3
 Armour: Scale mail        |    18 |    85 ||   103
  Dodge: Dodged            |    30 |    83 ||   113
  Block: Buckler           |    13 |    53 ||    66

Table legend: (Time is in decaauts)
 A = Elapsed time spent in this place.
 B = Non-inter-level travel time spent in this place.
 C = Inter-level travel time spent in this place.
 D = Time resting spent in this place.
 E = Time spent auto-exploring this place.
 F = Levels seen in this place.
 G = Mean time per level.
                   A        B        C        D        E       F      G
               +--------+--------+--------+--------+--------+-----+--------+
         Total |   2061 |   1990 |     71 |      0 |   1392 |   4 |  515.2 |
       Dungeon |   2061 |   1990 |     71 |      0 |   1392 |   4 |  515.2 |
               +--------+--------+--------+--------+--------+-----+--------+

Top non-repeatable levels by time:
     D:3: 799 daAuts
     D:1: 705 daAuts
     D:2: 430 daAuts
     D:4: 125 daAuts
